 Dungeon Crawl Stone Soup version 0.30.0-29-ga12c61a403 (webtiles) character file.

Game seed: 12365882093233644240

96 jagang the Conjurer (level 4, -6/24 HPs)
             Began as a Deep Elf Conjurer on June 7, 2023.
             Killed from afar by Grinder (20 damage)
             ... with a bolt of light
             ... on level 3 of the Dungeon.
             The game lasted 00:05:40 (2052 turns).

jagang the Conjurer (Deep Elf Conjurer)             Turns: 2052, Time: 00:05:41

Health: -6/24      AC:  4    Str:  4    XL:     4   Next: 41%
Magic:  12/12      EV: 13    Int: 25    God:
Gold:   126        SH:  0    Dex: 13    Spells: 9/12 levels left

rFire   . . .        o - +0 rapier
rCold   . . .        (no shield)
rNeg    . . .        a - +0 robe
rPois   +            (no helmet)
rElec   .            (no cloak)
rCorr   .            j - +0 pair of gloves
SInv    .            f - +0 pair of boots
Will    .....        (no amulet)
Stlth   ++           d - ring of poison resistance
HPRegen 0.24/turn    (no ring)
MPRegen 0.13/turn

%: no passive effects
@: no status effects
A: no striking features
a: no special abilities


You were on level 3 of the Dungeon.
You visited 1 branch of the dungeon, and saw 3 of its levels.

You collected 126 gold pieces.

Inventory:

Hand Weapons
 o - a +0 rapier (weapon)
Armour
 a - a +0 robe (worn)
 f - a +0 pair of boots (worn)
 j - a +0 pair of gloves (worn)
Jewellery
 d - a ring of poison resistance (left hand)
Scrolls
 e - a scroll of noise {unknown}
 h - 2 scrolls of enchant weapon {unknown}
 i - 2 scrolls of identify {unknown}
 l - a scroll of fog {unknown}
 m - a scroll of silence {unknown}
 n - a scroll of blinking {unknown}
Potions
 b - a potion of magic
 c - a potion of flight {unknown}
 g - 2 potions of might {unknown}
 k - 3 potions of brilliance {unknown}
 p - a potion of mutation {unknown}


   Skills:
 + Level 3.4 Dodging
 - Level 3.0 Stealth
 * Level 4.8 Spellcasting
 + Level 4.9 Conjurations


You had 9 spell levels left.
You knew the following spells:

 Your Spells              Type           Power      Damage    Failure   Level
a - Magic Dart            Conj           100%       1d8       1%          1
b - Searing Ray           Conj           62%        2d6       1%          2

Your spell library contained the following spells:

 Spells                   Type           Power      Damage    Failure   Level
 Dazzling Flash           Conj/Hex       36%        N/A       9%          3
 Fulminant Prism          Conj/Hex       9%         3d7       30%         4
 Iskenderun's Mystic Bla  Conj/Tloc      18%        2d6       30%         4


Dungeon Overview and Level Annotations

Branches:
Dungeon (3/15)

Altars:

Annotations:
D:3 Grinder


Message History

You see here an adder corpse.
There is a stone staircase leading up here.
A rat comes into view.
Found a mace.
The magic dart hits the rat.
You kill the rat!
Found a stone staircase leading down.
p - a ruby potion You see here a +0 mace.
You now have 126 gold pieces (gained 14).
A worm comes into view.
The magic dart hits the worm.
The worm is moderately wounded.
The magic dart hits the worm.
The worm is moderately wounded.
The magic dart hits the worm.
The worm is heavily wounded.
The magic dart hits the worm.
The worm is severely wounded.
The worm misses you.
The magic dart hits the worm.
The worm is severely wounded.
The magic dart hits the worm.
The worm is almost dead.
The worm barely misses you.
The magic dart hits the worm!
You kill the worm!
You see here a worm corpse.
Grinder comes into view.
She is carrying a wand of light (8).
Grinder zaps a wand.
The bolt of light hits you!
Ouch! That really hurt!
* * * LOW HITPOINT WARNING * * *
Grinder gestures at you. You resist with significant effort.
Things that are here:
a +0 club; a goblin skeleton Grinder blinks!
Grinder zaps a wand.
The bolt of light hits you!!
Ouch! That really hurt!
You die...

########.#.###.##.#
#####.#.###)##.#######
#.....#...............
#5#####.#......#......
#. #.....##.#.#......
#. #.###.#...........
5. #.#...............
.. # #.#...........†.
... #.#.@...........
... # #.#..÷..........
#.#.#..<....#.####
##.#§#..#....#...
+....).......#....
##.#..5###...+ ....
#...........# ...
#####÷÷###.##
#.......#


You could see Grinder.

Vanquished Creatures
  3 gnolls (D:2)
  2 adders (D:3)
  A worm (D:3)
  A dart slug (D:2)
  4 endoplasms
  A giant cockroach (D:1)
  7 goblins
  4 hobgoblins (D:1)
  A quokka (D:2)
  4 ball pythons
  7 bats
  3 frilled lizards
  6 kobolds
  2 rats
46 creatures vanquished.

Notes
Turn   | Place    | Note
-------+----------+-------------------------------------------
     0 | D:1      | jagang the Deep Elf Conjurer began the quest for the Orb.
     0 | D:1      | Reached XP level 1. HP: 10/10 MP: 6/6
   162 | D:1      | Reached XP level 2. HP: 15/15 MP: 1/8
   916 | D:2      | Reached XP level 3. HP: 19/19 MP: 7/10
  1045 | D:2      | Learned a level 2 spell: Searing Ray
  1610 | D:2      | Reached XP level 4. HP: 24/24 MP: 7/12
  2024 | D:3      | Noticed Grinder
  2052 | D:3      | Killed from afar by Grinder

Illustrated notes

Levels and vault maps discovered:
D:1:      erik_arrival_triangle_small, layout_rooms, amcnicky_mini_pool_small
D:2:      layout_loops_ring, grunt_decor_fettered
D:3:      layout_basic, uniq_grinder, uniq_terence

Skill      XL: |  1  2  3 |
---------------+----------+-----
Stealth        | 3 |  3.0
Dodging        | 3 |  3.4
Spellcasting   | 4 |  4.8
Conjurations   | |  4.9

Action                     |  1- 3 |  4- 6 || total
---------------------------+-------+-------++-------
  Melee: Unarmed           |     4 |       ||     4
         Short sword       |     4 |       ||     4
         Rapier            |     4 |     4 ||     8
   Cast: Magic Dart        |    72 |    27 ||    99
         Searing Ray       |     1 |       ||     1
 Armour: Robe              |    11 |     2 ||    13
  Dodge: Dodged            |    29 |     8 ||    37
